 Dungeon Crawl Stone Soup version 0.19-a0-78-g674c7a4 (webtiles) character file.

90 Lugonue the Ducker (level 4, -4/33 HPs)
             Began as a Demonspawn Gladiator on May 13, 2016.
             Slain by an orc
             ... wielding a +0 trident
              (6 damage)
             ... on level 3 of the Dungeon.
             The game lasted 00:06:51 (1651 turns).

Lugonue the Ducker (Demonspawn Gladiator)           Turns: 1651, Time: 00:06:52

Health: -4/33      AC:  8    Str: 15    XL:     4   Next: 32%
Magic:  4/4        EV: 11    Int:  9    God:
Gold:   73         SH:  0    Dex: 15    Spells: 0 memorised, 3 levels left

rFire  . . .     SeeInvis .     a - +0 long sword
rCold  . . .     Gourm    .     m - +0 scale mail
rNeg   . . .     Faith    .     (no shield)
rPois  .         Spirit   .     c - +0 helmet
rElec  .         Dismiss  .     (no cloak)
rCorr  .         Reflect  .     j - +0 pair of gloves
SustAt .         Harm     .     (no boots)
MR     .....                    (no amulet)
Stlth  ..........               (no ring)
                                (no ring)

@: not resistant to hostile enchantments, extremely unstealthy
A: powered by death 1, powered by pain 1, sturdy frame 1
a: no special abilities


You were on level 3 of the Dungeon.
You were not hungry.

You visited 1 branch of the dungeon, and saw 3 of its levels.

You collected 73 gold pieces.

Inventory:

Hand Weapons
 a - a +0 long sword (weapon)
Missiles
 d - a throwing net (quivered)
Armour
 c - a +0 helmet (worn)
 j - a +0 pair of gloves (worn)
 m - a +0 scale mail (worn)
Scrolls
 g - a scroll of magic mapping {unknown}
 k - a scroll of fear {unknown}
 l - a scroll of noise {unknown}
Comestibles
 f - a bread ration
 h - 3 meat rations


   Skills:
 + Level 2.2 Fighting
 * Level 3.4 Long Blades
 + Level 1.7 Throwing
 * Level 1.4 Armour
 + Level 3.5 Dodging
 + Level 0.2 Stealth


You had 3 spell levels left.
You didn't know any spells.

Dungeon Overview and Level Annotations

Branches:
Dungeon (3/15)

Altars:
Cheibriados
Dithmenos
Ru


Innate Abilities, Weirdness & Mutations

You regenerate a little health from kills.
You sometimes gain a little power by taking damage.
Your movements are slightly less encumbered by armour (ER -2).


Message History

Read which item? (? for menu, Esc to quit)
As you read the scroll labeled ILOPITIVUN, it crumbles to dust.
You hear the tinkle of a tiny bell.
It was a scroll of random uselessness.
Something hits you.
* * * LOW HITPOINT WARNING * * *
The orc hits you but does no damage. Something hits you.
* * * LOW HITPOINT WARNING * * *
You swap places.
The orc completely misses your butterfly.
Something hits you but does no damage.
You miss something. Something hits you but does no damage.
The orc closely misses your butterfly. Something hits you.
* * * LOW HITPOINT WARNING * * *
You barely miss something.
You hear some strange, mumbled words.
A puff of flame appears from out of thin air!
The puff of flame hits you!
You barely miss something.
The orc hits you from afar with a trident.
You die...

#............'....'.
#...##########....#.
. #..).......
######.
....#####..........
#.
.....o)((...b......
#.
....#####oobb.b....
#. # #.o........ ##
#..{......?
#..@.......
#b.........
###########


You could see 3 orcs.

Vanquished Creatures
  4 adders
  An ooze (D:1)
  A dart slug (D:1)
  An orc (D:3)
  6 bats
  5 giant cockroaches
  6 goblins
  6 hobgoblins
  4 jackals (D:1)
  3 giant newts
  3 kobolds (D:2)
  2 rats
42 creatures vanquished.

Notes
Turn   | Place    | Note
--------------------------------------------------------------
     0 | D:1      | Lugonue the Demonspawn Gladiator began the quest for the Orb.
     0 | D:1      | Reached XP level 1. HP: 16/16 MP: 1/1
    95 | D:1      | Gained mutation: Your movements are slightly less encumbered by armour (ER -2). [demonic ancestry]
    95 | D:1      | Reached XP level 2. HP: 16/22 MP: 2/2
   728 | D:1      | Gained mutation: You regenerate a little health from kills. [demonic ancestry]
   728 | D:1      | Reached XP level 3. HP: 27/27 MP: 3/3
  1066 | D:2      | Found a snail-covered altar of Cheibriados.
  1149 | D:2      | Reached skill level 1 in Armour
  1323 | D:2      | Found a sacrificial altar of Ru.
  1325 | D:2      | Found a shadowy altar of Dithmenos.
  1569 | D:3      | Gained mutation: You sometimes gain a little power by taking damage. [demonic ancestry]
  1569 | D:3      | Reached XP level 4. HP: 19/33 MP: 4/4
  1638 | D:3      | HP: 1/33 [something/puff of flame (10)]
  1651 | D:3      | Slain by an orc

Vault maps used:
D:1:      onia_arrival_larder, serial_forest, infiniplex_forest_clump_tiny,
          infiniplex_forest_straight_2, infiniplex_forest_clump_curved,
          infiniplex_forest_3_way
D:2:      nicolae_overflow_hidden_temple, first_bread, cheibriados_altar_1
D:3:      nicolae_ashenzari_panopticon

Skill      XL: |  1  2  3 |
---------------+----------+-----
Dodging        | 3 |  3.5
Long Blades    | 3 |  3.4
Armour         | 1 |  1.4
Fighting       | |  2.2
Throwing       | |  1.7
Stealth        | |  0.2

Action                   |  1- 3 |  4- 6 || total
-------------------------+-------+-------++-------
Melee: Long sword        |   141 |    41 ||   182
Throw: Throwing net      |       |     2 ||     2
  Use: Scroll            |       |     1 ||     1
       Potion            |       |     1 ||     1
  Eat: Bread ration      |     1 |       ||     1
       Chunk             |     1 |       ||     1
Armor: Leather armour    |    46 |       ||    46
       Scale mail        |    11 |    28 ||    39
Dodge: Dodged            |   110 |    30 ||   140
